 Dungeon Crawl Stone Soup version 0.28-a0-312-gbced6e68ee (webtiles) character file.

Game seed: 124028833245398021

156 frimble the Gusty (level 5, -5/41 HPs)
             Began as a Gnoll Wanderer on Aug 31, 2021.
             Slain by a black bear (6 damage)
             ... on level 3 of the Dungeon.
             The game lasted 00:05:33 (3514 turns).

frimble the Gusty (Gnoll Wanderer)                  Turns: 3514, Time: 00:05:34

Health: -5/41      AC:  3    Str: 11    XL:     5   Next: 37%
Magic:  0/9        EV: 11    Int: 12    God:
Gold:   21         SH:  4    Dex: 12    Spells: 9/10 levels left

rFire   + . .      SeeInvis .   a - +0 spear
rCold   + . .      Faith    .   b - +0 buckler
rNeg    . . .      Spirit   .   c - +0 robe
rPois   +          Reflect  .   (no helmet)
rElec   +          Harm     .   h - +0 cloak
rCorr   +          Rampage  .   (no gloves)
Will    .....                   (no boots)
Stlth   ++........              (no amulet)
HPRegen 0.13/turn               (no ring)
MPRegen 0.11/turn               (no ring)

@: brilliant, resistant, very slightly contaminated
A: fangs 1, strong nose, distributed training
a: no special abilities


You were on level 3 of the Dungeon.
You visited 1 branch of the dungeon, and saw 3 of its levels.

You collected 21 gold pieces.

Inventory:

Hand Weapons
 a - a +0 spear (weapon)
Missiles
 g - a throwing net
Armour
 b - a +0 buckler (worn)
 c - a +0 robe (worn)
 h - a +0 cloak (worn)
Jewellery
 k - a ring of flight
Scrolls
 f - a scroll of fear
Potions
 d - 2 potions of flight


   Skills:
 + Level 3.0 Fighting
 + Level 1.4 Short Blades
 + Level 1.4 Long Blades
 + Level 1.4 Axes
 + Level 1.4 Maces & Flails
 + Level 1.4 Polearms
 + Level 1.4 Staves
 + Level 1.4 Slings
 + Level 1.4 Bows
 + Level 1.4 Crossbows
 + Level 3.0 Throwing
 + Level 4.8 Armour
 + Level 1.4 Dodging
 + Level 1.4 Stealth
 + Level 3.0 Shields
 + Level 1.4 Unarmed Combat
 + Level 3.1 Spellcasting
 + Level 1.1 Conjurations
 + Level 1.1 Hexes
 + Level 1.1 Summonings
 + Level 1.1 Necromancy
 + Level 1.1 Translocations
 + Level 1.1 Transmutations
 + Level 1.1 Fire Magic
 + Level 2.4 Ice Magic
 + Level 5.5 Air Magic
 + Level 1.1 Earth Magic
 + Level 1.1 Poison Magic
 + Level 1.6 Invocations
 + Level 1.4 Evocations


You had 9 spell levels left.
You knew the following spells:

 Your Spells              Type           Power      Damage    Failure   Level
a - Shock                 Conj/Air       60%        1d6       7%          1

Your spell library contained the following spells:

 Spells                   Type           Power      Damage    Failure   Level
 Swiftness                Air            22%        N/A       9%          3
 Static Discharge         Conj/Air       15%        N/A       10%         2
 Airstrike                Air            11%        N/A       26%         4


Dungeon Overview and Level Annotations

Branches:
Dungeon (3/15)

Altars:
Vehumet

Shops:
D:1 [   D:2 [


Innate Abilities, Weirdness & Mutations

You have very sharp teeth.
Your uncanny sense of smell can sniff out nearby items.
Your experience applies equally to all skills.


Message History

Confirm with . or Enter, or press ? or * to list all spells.
Aiming: Shock (safe; 7% risk of failure)
Press: ? - help, Shift-Dir - straight line, f/p - black bear
Aim: a black bear (severely wounded, berserk, 79% to hit)
You feel a surge of power!
You miscast Shock.
You are very lightly contaminated with residual magic.
Nothing appears to happen.
The black bear bites you.
* * * LOW HITPOINT WARNING * * *
The black bear claws you.
* * * LOW HITPOINT WARNING * * *
The black bear misses you.
You feel much better. The black bear bites you.
The black bear closely misses you. The black bear barely misses you.
The black bear bites you but does no damage.
The black bear claws you but does no damage.
The black bear claws you.
Casting: Shock (safe; 7% risk of failure)
Confirm with . or Enter, or press ? or * to list all spells.
Aiming: Shock (safe; 7% risk of failure)
Press: ? - help, Shift-Dir - straight line, f/p - black bear
Aim: a black bear (severely wounded, berserk, 79% to hit)
You feel a surge of power!
You miscast Shock.
Nothing appears to happen.
The black bear completely misses you. The black bear closely misses you.
The black bear claws you.
Okay, then.
Unknown command.
You hit the black bear.
You bite the black bear, but do no damage.
The black bear is severely wounded.
The black bear bites you. The black bear claws you. x2
The black bear bites you!
* * * LOW HITPOINT WARNING * * *
The black bear claws you.
* * * LOW HITPOINT WARNING * * *
The black bear claws you.
* * * LOW HITPOINT WARNING * * *
You closely miss the black bear.
The black bear is severely wounded.
The black bear barely misses you. The black bear claws you.
You die...

,*
*,..........#************###
,* *,****#.....# #.# ,* *,*
##.#..# #.#
,*****,**####.#..# #.#
,,,,,,,,,.....#..##########
#..
******,**####......)[(....#
### *,,,,........########.##
#,,**##.#.#.h# ##...## #.,*
#.#.#.@######.....#####
#..####.#....................
#............>..###.....#####
#.#####.#.#.....# ##...## #
*,* #.#.##.#### ##.## #
**###.#####.#......# #.# #
,,..........#..#.#.######.# #
**###.####.##.............* #
*,,###'###'###)###.#***


You could see a black bear (berserk).

Vanquished Creatures
  An orc priest (D:3)
  An orc wizard (D:3)
  2 worms
  4 dart slugs (D:1)
  9 orcs (D:3)
  8 endoplasms
  5 giant cockroaches
  9 goblins
  7 hobgoblins
  3 jackals (D:3)
  4 quokkas
  3 ball pythons (D:2)
  3 bats
  4 frilled lizards
  6 kobolds
  4 rats
73 creatures vanquished.

Notes
Turn   | Place    | Note
-------+----------+-------------------------------------------
     0 | D:1      | frimble the Gnoll Wanderer began the quest for the Orb.
     0 | D:1      | frimble set off with the following items: a +0 spear, a +0
                  | buckler, a +0 robe; and the following spell memorised:
                  | Shock; and the following spells available to memorise:
                  | Swiftness, Static Discharge, Airstrike
     0 | D:1      | Reached XP level 1. HP: 17/17 MP: 4/4
   272 | D:1      | Noticed a golden eye
   274 | D:1      | Found a faded altar of an unknown god.
   276 | D:1      | Noticed an eye of devastation
   276 | D:1      | Noticed an eye of devastation
   276 | D:1      | Noticed an eye of devastation
   317 | D:1      | Reached XP level 2. HP: 23/23 MP: 5/5
   914 | D:1      | Reached XP level 3. HP: 28/28 MP: 7/7
  1281 | D:1      | Found Faijefus's Armour Emporium.
  1445 | D:2      | Reached skill level 1 in Invocations
  2057 | D:2      | Reached skill level 1 in Short Blades
  2057 | D:2      | Reached skill level 1 in Long Blades
  2057 | D:2      | Reached skill level 1 in Axes
  2057 | D:2      | Reached skill level 1 in Maces & Flails
  2057 | D:2      | Reached skill level 1 in Polearms
  2057 | D:2      | Reached skill level 1 in Staves
  2057 | D:2      | Reached skill level 1 in Slings
  2057 | D:2      | Reached skill level 1 in Bows
  2057 | D:2      | Reached skill level 1 in Crossbows
  2057 | D:2      | Reached skill level 1 in Dodging
  2057 | D:2      | Reached skill level 1 in Stealth
  2057 | D:2      | Reached skill level 1 in Unarmed Combat
  2057 | D:2      | Reached skill level 1 in Evocations
  2137 | D:2      | Found Ehu Ylie's Antique Armour Shop.
  2271 | D:2      | Reached XP level 4. HP: 34/34 MP: 8/8
  3006 | D:3      | Noticed a black bear
  3037 | D:3      | Reached skill level 1 in Conjurations
  3037 | D:3      | Reached skill level 1 in Hexes
  3037 | D:3      | Reached skill level 1 in Summonings
  3037 | D:3      | Reached skill level 1 in Necromancy
  3037 | D:3      | Reached skill level 1 in Translocations
  3037 | D:3      | Reached skill level 1 in Transmutations
  3037 | D:3      | Reached skill level 1 in Fire Magic
  3037 | D:3      | Reached skill level 1 in Earth Magic
  3037 | D:3      | Reached skill level 1 in Poison Magic
  3150 | D:3      | Reached XP level 5. HP: 40/40 MP: 9/9
  3442 | D:3      | Found a radiant altar of Vehumet.
  3513 | D:3      | HP: 1/41 [black bear (2)]
  3514 | D:3      | Slain by a black bear

Illustrated notes

Levels and vault maps discovered:
D:1:      nicolae_arrival_somewhat_less_tricky_arrival, layout_basic,
          hellmonk_ecumenical_altar_watching_god, serial_shops, shop
D:2:      layout_loops_cross, serial_shops, shop
D:3:      layout_loops_ring, mainiacjoe_overflow_24_doors, st_stairs_2,
          columned_hall_lemuel

Skill      XL: |  1  2  3  4  5 |
---------------+----------------+-----
Ice Magic      | 2 |  2.4
Invocations    | 1 |  1.6
Short Blades   | 1 |  1.4
Long Blades    | 1 |  1.4
Axes           | 1 |  1.4
Maces & Flails | 1 |  1.4
Polearms       | 1 |  1.4
Staves         | 1 |  1.4
Slings         | 1 |  1.4
Bows           | 1 |  1.4
Crossbows      | 1 |  1.4
Dodging        | 1 |  1.4
Stealth        | 1 |  1.4
Unarmed Combat | 1 |  1.4
Evocations     | 1 |  1.4
Spellcasting   | 3 |  3.1
Conjurations   | 1 |  1.1
Hexes          | 1 |  1.1
Summonings     | 1 |  1.1
Necromancy     | 1 |  1.1
Translocations | 1 |  1.1
Transmutations | 1 |  1.1
Fire Magic     | 1 |  1.1
Earth Magic    | 1 |  1.1
Poison Magic   | 1 |  1.1
Fighting       | 3 |  3.0
Throwing       | 3 |  3.0
Shields        | 3 |  3.0
Armour         | |  4.8
Air Magic      | |  5.5

Action                   |  1- 3 |  4- 6 || total
-------------------------+-------+-------++-------
Melee: Spear             |   113 |    86 ||   199
       Bite              |     7 |     4 ||    11
 Cast: Shock             |    31 |    40 ||    71
  Use: Scroll            |     2 |     3 ||     5
       Potion            |       |     4 ||     4
 Stab: Sleeping          |     5 |     4 ||     9
       Distracted        |     1 |       ||     1
Armor: Robe              |    16 |    21 ||    37
Dodge: Dodged            |    46 |    66 ||   112
Block: Buckler           |    17 |    12 ||    29

Table legend: (Time is in decaauts)
 A = Elapsed time spent in this place.
 B = Non-inter-level travel time spent in this place.
 C = Inter-level travel time spent in this place.
 D = Time resting spent in this place.
 E = Time spent auto-exploring this place.
 F = Levels seen in this place.
 G = Mean time per level.
                   A        B        C        D        E       F      G
               +--------+--------+--------+--------+--------+-----+--------+
         Total |   3534 |   3451 |     83 |    167 |   2617 |   3 | 1178.0 |
       Dungeon |   3534 |   3451 |     83 |    167 |   2617 |   3 | 1178.0 |
               +--------+--------+--------+--------+--------+-----+--------+

Top non-repeatable levels by time:
     D:1: 1557 daAuts
     D:2: 1186 daAuts
     D:3: 790 daAuts
